 Dungeon Crawl Stone Soup version 0.31-a0-702-gf82c85558f (webtiles) character file.

Game seed: 11031012880671216456

12 Xavori the Cutter (level 2, -2/21 HPs)
             Began as an Octopode Chaos Knight on Sept 8, 2023.
             Was a Plaything of Xom.
             Slain by a gnoll
             ... wielding a +0 spear
              (5 damage)
             ... on level 2 of the Dungeon.
             The game lasted 00:00:14 (546 turns).

Xavori the Cutter (Octopode Chaos Knight)            Turns: 546, Time: 00:00:15

Health: -2/21      AC:  1    Str: 11    XL:     2   Next: 33%
Magic:  2/2        EV: 13    Int: 14    God:    Xom [..*...]
Gold:   53         SH:  0    Dex: 11    Spells: 1/1 levels left

rFire   . . .        a - +0 short sword (chaos)
rCold   . . .        (no shield)
rNeg    . . .        (helmet restricted)
rPois   .            (no amulet)
rElec   .            (no ring)
rCorr   .            (no ring)
SInv    .            (no ring)
Will    .....        (no ring)
Stlth   ++           (no ring)
HPRegen 0.23/turn    (no ring)
MPRegen 0.08/turn    (no ring)
                     (no ring)

%: no passive effects
@: attractive
A: almost no armour, amphibious, 8 rings, camouflage 1, gelatinous body 1,
(nimble swimmer 1), tentacles
a: Renounce Religion


You were on level 2 of the Dungeon.
You worshipped Xom.
You were a toy of Xom.
You visited 1 branch of the dungeon, and saw 2 of its levels.

You collected 53 gold pieces.

Inventory:

Hand Weapons
 a - a +0 short sword of chaos (weapon)
Scrolls
 b - a scroll of butterflies
 c - 2 scrolls of identify {unknown}
 d - a scroll of summoning {unknown}


   Skills:
 + Level 3.2 Fighting
 + Level 3.3 Short Blades
 + Level 2.4 Dodging


You had one spell level left.
You didn't know any spells.
Your spell library was empty.

Dungeon Overview and Level Annotations

Branches:
Dungeon (2/15)

Altars:


Innate Abilities, Weirdness & Mutations

You cannot wear most types of armour.
You are amphibious.
You can wear up to eight rings at the same time.
Your skin changes colour to match your surroundings (Stealth+).
Your rubbery body absorbs attacks. (AC +1, EV +1)
((You are camouflaged when in or above water. (Stealth+)))
You have tentacles for arms and can constrict up to eight enemies at once.


Message History

No target in view!
Done exploring.
Done exploring.
No target in view!
Key pressed, stopping explore.
No target in view!
Key pressed, stopping explore.
No target in view!
Key pressed, stopping explore.
No target in view!
What level of the Dungeon? (default 1, ? - help)
There is a stone staircase leading down here.
You climb downwards.
Found a stone staircase leading down.
There is a stone staircase leading up here.
There are monsters nearby!
There are monsters nearby!
A jackal and 2 gnolls come into view.
A gnoll is wielding a +1 whip of venom.
Found a chain mail.
The gnoll shouts!
The jackal misses you. The gnoll misses you.
There are monsters nearby!
You closely miss the jackal. You grab the jackal. You squeeze the jackal.
You kill the jackal!
There are monsters nearby!
Found a robe.
The gnoll hits you with a +0 spear!
The gnoll hits you from afar with a +0 spear.
There are monsters nearby!
You are too injured to fight recklessly!
There are monsters nearby!
Xom grants you a minor favour.
You feel attractive to monsters. The jackal bites you.
The gnoll hits you from afar with a +0 spear.
* * * LOW HITPOINT WARNING * * *
The gnoll closely misses you. The jackal closely misses you.
The gnoll is attracted toward you. x2
The gnoll hits you from afar with a +0 spear.
You die...
Xom titters!

>.. #.# #.# #.#
#.# #.# ###
#####.###.....
#....@<...#
##..###.#######
#......ghg.....
#####..§.g.[###
#.....§.#
#.........[
#..........
#........##
###......#


You could see 2 gnolls and a jackal.

Vanquished Creatures
  A dart slug (D:1)
  A ball python (D:1)
  An endoplasm (D:1)
  A hobgoblin (D:1)
  A jackal (D:2)
  2 quokkas (D:1)
  A kobold (D:1)
  A rat (D:1)
9 creatures vanquished.

Notes
Turn   | Place    | Note
-------+----------+-------------------------------------------
     0 | D:1      | Xavori the Octopode Chaos Knight began the quest for the
                  | Orb.
     0 | D:1      | Reached XP level 1. HP: 16/16 MP: 1/1
   240 | D:1      | Reached XP level 2. HP: 21/21 MP: 2/2
   545 | D:2      | XOM: potion effect (attraction)
   546 | D:2      | Slain by a gnoll

Illustrated notes

Levels and vault maps discovered:
D:1:      dpeg_arrival_refuge, layout_basic, nicolae_eternal_life
D:2:      layout_rooms, basic_altar

Action                     || total
---------------------------++-------
  Melee: Short sword       ||    14
         Tentacles         ||     5
         Constrict         ||     5
   Stab: Sleeping          ||     2
 Armour: Skin              ||    10
  Dodge: Dodged            ||     6

Table legend: (Time is in decaauts)
 A = Elapsed time spent in this place.
 B = Non-inter-level travel time spent in this place.
 C = Inter-level travel time spent in this place.
 D = Time resting spent in this place.
 E = Time spent auto-exploring this place.
 F = Levels seen in this place.
 G = Mean time per level.
                   A        B        C        D        E       F      G
               +--------+--------+--------+--------+--------+-----+--------+
         Total |    543 |    524 |     19 |      0 |    475 |   2 |  271.5 |
       Dungeon |    543 |    524 |     19 |      0 |    475 |   2 |  271.5 |
               +--------+--------+--------+--------+--------+-----+--------+

Top non-repeatable levels by time:
     D:1: 538 daAuts
     D:2: 4 daAuts
